 Dungeon Crawl Stone Soup version 0.26-a0-660-gc07710193c (webtiles) character file.

Game seed: 4422333245808530807

5336 jestyr24 the Destroyer (level 10, -1/73 HPs)
             Began as a Green Draconian Conjurer on Oct 7, 2020.
             Was an Elder of Sif Muna.
             Slain by Sonja
             ... wielding a +2 dagger of distortion
              (2 damage)
             ... on level 10 of the Dungeon on Oct 8, 2020.
             The game lasted 01:29:32 (10259 turns).

jestyr24 the Destroyer (Green Draconian Conjurer)  Turns: 10259, Time: 01:29:33

Health: -1/73      AC:  8    Str:  9    XL:     10   Next: 38%
Magic:  20/20      EV: 14    Int: 23    God:    Sif Muna [****..]
Gold:   499        SH:  0    Dex:  9    Spells: 14/23 levels left

rFire    . . .     SeeInvis .   J - staff of conjuration
rCold    + . .     Faith    .   (no shield)
rNeg     . . .     Spirit   .   (armour unavailable)
rPois    +         Reflect  .   (helmet restricted)
rElec    .         Harm     .   t - +0 cloak
rCorr    .         Rampage  .   (no gloves)
MR       +....                  (no boots)
Stlth    +++.......             s - amulet of magic regeneration
HPRegen  0.22/turn              G - ring of protection from magic
MPRegen  0.42/turn              I - ring of protection from cold

@: slowed, very slow
A: breathe noxious fumes, unfitting armour, poison resistance, cold-blooded, AC
+7
a: Breathe Noxious Fumes, Channel Magic, Forget Spell, Divine Exegesis, Renounce
Religion


You were on level 10 of the Dungeon.
You worshipped Sif Muna.
Sif Muna was greatly pleased with you.
You visited 1 branch of the dungeon, and saw 10 of its levels.
You also visited: Sewer.

You collected 499 gold pieces.

Inventory:

Hand Weapons
 h - a +2 mace of protection
 o - a +1 vampiric war axe
Missiles
 E - 37 poisoned darts (quivered)
Armour
 t - a +0 cloak (worn)
Magical Staves
 J - an uncursed staff of conjuration (weapon)
Jewellery
 s - an amulet of magic regeneration (around neck)
 G - a ring of protection from magic (left hand)
 I - a ring of protection from cold (right hand)
Wands
 u - a wand of digging (4)
 y - a wand of flame (39)
 A - a wand of disintegration (9)
Scrolls
 a - 2 scrolls of vulnerability {unknown}
 b - a scroll of silence {unknown}
 c - a scroll of fear {unknown}
 d - a scroll of blinking {unknown}
 e - 7 scrolls of magic mapping
 f - 2 scrolls of amnesia
 g - 5 scrolls of enchant armour {unknown}
 i - 7 scrolls of teleportation
 m - 9 scrolls of identify
 n - 4 scrolls of enchant weapon
 v - a scroll of holy word {unknown}
 x - a scroll of acquirement {unknown}
 F - a scroll of immolation
 H - a scroll of fog
Potions
 j - 6 potions of curing {unknown}
 k - a potion of ambrosia {unknown}
 l - 11 potions of heal wounds
 p - 3 potions of mutation {unknown}
 q - a potion of magic {unknown}
 r - 5 potions of flight {unknown}
 w - 2 potions of degeneration {unknown}
 B - a potion of stabbing {unknown}
 C - 3 potions of brilliance {unknown}
 D - 2 potions of might {unknown}


   Skills:
 + Level 2.3 Fighting
 - Level 0.4(0.8) Axes
 - Level 1.0(1.2) Maces & Flails
 - Level 0.3(0.8) Staves
 * Level 5.7 Dodging
 + Level 5.1 Stealth
 + Level 7.2 Spellcasting
 + Level 8.5 Conjurations
 * Level 2.0 Translocations
 * Level 3.8 Air Magic
 * Level 4.6 Poison Magic
 + Level 3.2 Invocations
 + Level 2.6 Evocations


You had 14 spell levels left.
You knew the following spells:

 Your Spells              Type           Power        Failure   Level
a - Shock                 Conj/Air       ####         1%          1
b - Searing Ray           Conj           ######       1%          2
c - Mephitic Cloud        Conj/Pois/Air  ######..     2%          3
d - Magic Dart            Conj           ####         1%          1
e - Blink                 Tloc           N/A          4%          2

Your spell library contained the following spells:

 Spells                   Type           Power        Failure   Level
 Static Discharge         Conj/Air       ######..     1%          3
 Swiftness                Air            ####....     2%          2
 Conjure Flame            Conj/Fire      #####...     3%          3
 Dazzling Flash           Conj/Hex       #####.       3%          3
 Corona                   Hex            #......      8%          1
 Iskenderun's Mystic Bla  Conj/Tloc      #####...     9%          4
 Call Imp                 Summ           #.......     12%         2
 Ensorcelled Hibernation  Hex/Ice        #.....       12%         2
 Slow                     Hex            #.......     12%         2
 Fulminant Prism          Conj/Hex       #####.....   13%         4
 Airstrike                Air            ####......   16%         4
 Lightning Bolt           Conj/Air       ######....   16%         5
 Confusing Touch          Hex            #.......     22%         3
 Tukima's Dance           Hex            #.......     22%         3


Dungeon Overview and Level Annotations

Branches:
Dungeon (10/15)            Temple (0/1) D:5            Lair (0/6) D:9
  Sewer (visited)
    Orc: D:9-12

Altars:
Cheibriados
Fedhas
Kikubaaqudgha
Ru
Sif Muna
Trog
Zin

Shops:
D:2 *   D:5 !   D:6 }?[:*   D:8 (

Annotations:
D:10 Sonja


Innate Abilities, Weirdness & Mutations

You can breathe blasts of noxious fumes.
Your lurid green scales are hard. (AC +7)
You cannot fit into any form of body armour.
Your system is resistant to poisons. (rPois)
You are cold-blooded and may be slowed by cold attacks.


Message History

You feel yourself slow down.
A curare-tipped dart appears from out of thin air!
The curare-tipped dart hits you.
You see here a curare-tipped dart.
A curare-tipped dart appears from out of thin air!
The curare-tipped dart hits you.
You see here a curare-tipped dart.
There is an open door here.
You feel sick.
You feel sick. Something hits you! Space warps horribly around you!!
Something hits you but does no damage. Space bends around you.
* * * LOW HITPOINT WARNING * * *
Something hits you but does no damage. Space warps horribly around you!!
* * * LOW HITPOINT WARNING * * *
There is a stone staircase leading up here.
You feel sick.
You are no longer poisoned.
Something hits you.
You die...

........†...........#
....................#
.......########.....#
....(..#......#((...##
.......#......#(.....#
########......'......#
#......#......#
#......#.....##
#.@{...#.....#
#......########
#.............#
#......<......#
#######[......#
#.......# #.......#
#.......# #.......#


There were no monsters in sight!

Vanquished Creatures
  A troll (D:10)
  A vampire (D:9)
  Grum (D:9)
  2 wargs (D:9)
  A water moccasin (D:9)
  3 sky beasts
  An orc warrior (D:9)
  2 ice beasts
  3 black bears (D:8)
  A necrophage (D:6)
  3 wolves (D:9)
  3 ogres
  A phantom (D:4)
  4 centaurs
  3 big kobolds (Sewer)
  5 bullfrogs
  A wyvern skeleton (D:8)
  A scorpion (D:6)
  5 killer bees
  4 wights
  2 howler monkeys
  6 hounds
  5 orc priests
  Crazy Yiuf (D:7)
  3 jellies
  A gnoll shaman (D:9)
  12 orc wizards
  A bullfrog skeleton (D:9)
  2 iguanas
  Terence (D:2)
  6 worker ants
  Natasha (thrice) (D:3)
  A hound zombie (D:8)
  2 hound skeletons
  2 worker ant zombies
  10 gnolls
  13 adders
  6 river rats (Sewer)
  3 shadow imps
  A white imp (D:9)
  An ooze (Sewer)
  An adder skeleton (D:4)
  An adder zombie (D:5)
  3 worms
  3 dart slugs (D:1)
  2 leopard geckos
  31 orcs
  4 ball pythons
  5 bats
  5 giant cockroaches
  10 goblins
  9 hobgoblins
  7 jackals
  16 kobolds
  A quokka (D:6)
  11 frilled lizards
  A leopard gecko zombie (D:7)
  24 rats
262 creatures vanquished.

Vanquished Creatures (others)
  A fungus (D:7)
  A plant (D:9)
2 creatures vanquished.

Grand Total: 264 creatures vanquished

Notes
Turn   | Place    | Note
-------+----------+-------------------------------------------
     0 | D:1      | jestyr24 the Draconian Conjurer began the quest for the
                  | Orb.
     0 | D:1      | Reached XP level 1. HP: 14/14 MP: 3/3
   187 | D:1      | Reached XP level 2. HP: 20/20 MP: 0/5
  1021 | D:1      | Reached XP level 3. HP: 26/26 MP: 1/6
  1671 | D:2      | Found Zin's Purification Station.
  1679 | D:2      | Found a glowing silver altar of Zin.
  2116 | D:2      | Learned a level 2 spell: Searing Ray
  2120 | D:2      | Reached XP level 4. HP: 33/33 MP: 4/7
  2327 | D:2      | Noticed Terence
  2347 | D:2      | Killed Terence
  2347 | D:2      | Reached skill level 5 in Conjurations
  2663 | D:2      | Reached XP level 5. HP: 39/39 MP: 3/9
  3305 | D:3      | Reached skill level 1 in Maces & Flails
  3347 | D:3      | Found a shimmering blue altar of Sif Muna.
  3356 | D:3      | Became a worshipper of Sif Muna the Loreminder
  3484 | D:3      | Learned a level 2 spell: Blink
  3533 | D:3      | Noticed Natasha
  3537 | D:3      | Killed Natasha
  4128 | D:3      | Noticed Natasha
  4133 | D:3      | Killed Natasha
  4325 | D:3      | Noticed Natasha
  4332 | D:3      | Killed Natasha
  4332 | D:3      | Reached XP level 6. HP: 43/46 MP: 4/10
  4440 | D:4      | Reached skill level 1 in Fighting
  4734 | D:4      | Reached skill level 1 in Invocations
  4757 | D:4      | Learned a level 1 spell: Shock
  4894 | D:5      | Entered Level 5 of the Dungeon
  4901 | D:5      | Found a blossoming altar of Fedhas.
  4905 | D:5      | Reached * piety under Sif Muna
  5024 | D:5      | Reached skill level 1 in Evocations
  5024 | D:5      | Your scales start taking on a lurid green colour.
  5024 | D:5      | Reached XP level 7. HP: 43/52 MP: 8/13
  5024 | D:5      | Gained mutation: Your system is resistant to poisons.
                  | (rPois) [Green Draconian growth]
  5036 | D:5      | Found Eruimuj's Distillery.
  5080 | D:5      | Reached skill level 6 in Conjurations
  5205 | D:5      | Found a glowing drain.
  5218 | Sewer    | Entered a sewer
  5418 | Sewer    | Reached ** piety under Sif Muna
  5587 | Sewer    | Reached XP level 8. HP: 53/59 MP: 2/15
  5719 | D:5      | Found a staircase to the Ecumenical Temple.
  6233 | D:5      | Found a snail-covered altar of Cheibriados.
  6237 | D:5      | Found a shimmering blue altar of Sif Muna.
  6288 | D:6      | Reached skill level 5 in Spellcasting
  6340 | D:6      | Reached skill level 1 in Air Magic
  6379 | D:6      | Found Qeir's Assorted Antiques.
  6590 | D:6      | Found Zumor's Armour Boutique.
  6593 | D:6      | Reached skill level 7 in Conjurations
  6593 | D:6      | Reached *** piety under Sif Muna
  6652 | D:6      | Found Haehetuso's Book Shoppe.
  6775 | D:6      | Found Emmeas's Gadget Shoppe.
  6931 | D:7      | Found a sacrificial altar of Ru.
  7067 | D:7      | Found a runed translucent door.
  7068 | D:7      | Noticed Crazy Yiuf
  7123 | D:7      | Learned a level 3 spell: Mephitic Cloud
  7316 | D:7      | Killed Crazy Yiuf
  7377 | D:6      | Found a bloodstained altar of Trog.
  7377 | D:6      | Found an ancient bone altar of Kikubaaqudgha.
  7438 | D:6      | Found Obeoluum's Magic Scroll Shoppe.
  7473 | D:6      | Reached XP level 9. HP: 67/67 MP: 11/17
  7672 | D:8      | Reached skill level 1 in Poison Magic
  7859 | D:8      | Found Mimnu's Antique Weapon Shoppe.
  8105 | D:8      | Found a bloodstained altar of Trog.
  8282 | D:8      | Reached skill level 1 in Translocations
  8490 | D:8      | Reached skill level 8 in Conjurations
  8788 | D:8      | Reached **** piety under Sif Muna
  9112 | D:9      | Noticed Grum
  9118 | D:9      | Killed Grum
  9118 | D:9      | Reached skill level 5 in Dodging
  9247 | D:9      | Reached XP level 10. HP: 73/73 MP: 15/20
  9416 | D:9      | Reached skill level 5 in Stealth
  9424 | D:9      | Found a staircase to the Lair.
 10193 | D:10     | Entered Level 10 of the Dungeon
 10244 | D:10     | Noticed Sonja
 10258 | D:10     | HP: 2/73 [something (19)]
 10259 | D:10     | Slain by Sonja

Illustrated notes

Levels and vault maps discovered:
D:1:      erik_arrival_cave_to_civilisation [erik_arrival_cave_to_hall],
          layout_basic
D:2:      layout_loops_ring, zin_purify, uniq_terence
D:3:      layout_basic, lemuel_blue_sif_altar, uniq_natasha
D:4:      layout_rooms
D:5:      layout_loops_ring, fedhas_bush_and_centaur_altar, minitemple,
          minmay_temple_entry_slanted, serial_shops, kennysheep_mini,
          cheibrodos_sewer_entry_drain, chequers_serial_rivers_micro_d
D:6:      layout_basic, nicolae_overflow_hidden_temple, serial_shops,
          shop_statue, shop, shop, nicolae_shop_behind_doors, shop_fountains
D:7:      layout_rooms, nicolae_ru_great_annihilating_truth, solitary_fountain,
          uniq_crazy_yiuf_cottage
D:8:      layout_loops_corners, serial_shops, shop, trog_ov_bears_minmay
D:9:      layout_long_grid, erik_lair_orcish_takeover,
          minmay_fractal_squares_diagonal_5, uniq_grum
D:10:     layout_gridville, uniq_joseph, uniq_sonja

Skill      XL: |  1  2  3  4  5  6  7  8  9 10 |
---------------+-------------------------------+-----
Dodging        | 2 3 4 5 |  5.7
Stealth        | 2 3 4 5 |  5.1
Conjurations   | 5 6 7 8 |  8.5
Maces & Flails | 1 |  1.0
Spellcasting   | 3 4 5 6 7 |  7.2
Fighting       | 1 2 |  2.3
Invocations    | 1 3 |  3.2
Evocations     | 1 2 |  2.6
Air Magic      | 1 3 |  3.8
Poison Magic   | 3 4 |  4.6
Translocations | 1 2 |  2.0
Axes           | |  0.4
Staves         | |  0.3

Action                   |  1- 3 |  4- 6 |  7- 9 | 10-12 || total
-------------------------+-------+-------+-------+-------++-------
Melee: Unarmed           |    15 |       |       |       ||    15
       Tailslap          |     1 |     2 |     2 |       ||     5
       Spear             |     6 |       |       |       ||     6
       Mace              |    25 |     3 |       |       ||    28
       War axe           |       |    18 |    64 |       ||    82
       Staff             |       |       |     2 |       ||     2
 Cast: Magic Dart        |    68 |    47 |    32 |    26 ||   173
       Searing Ray       |     1 |    25 |    91 |    27 ||   144
       Shock             |       |     7 |    61 |       ||    68
       Mephitic Cloud    |       |       |    10 |     1 ||    11
       Blink             |       |       |     1 |       ||     1
 Abil: Breathe Noxious F |       |       |     3 |       ||     3
  Use: Scroll            |       |     4 |     6 |       ||    10
       Potion            |       |       |     2 |       ||     2
 Stab: Sleeping          |       |       |     3 |       ||     3
Armor: Skin              |    11 |    13 |    46 |    11 ||    81
Dodge: Dodged            |    39 |    27 |   143 |    14 ||   223

Table legend: (Time is in decaauts)
 A = Elapsed time spent in this place.
 B = Non-inter-level travel time spent in this place.
 C = Inter-level travel time spent in this place.
 D = Time resting spent in this place.
 E = Time spent auto-exploring this place.
 F = Levels seen in this place.
 G = Mean time per level.
                   A        B        C        D        E       F      G
               +--------+--------+--------+--------+--------+-----+--------+
         Total |  10313 |   9835 |    478 |   1719 |   4856 |  11 |  937.5 |
       Dungeon |   9825 |   9347 |    478 |   1659 |   4856 |  10 |  982.5 |
         Sewer |    488 |    488 |      0 |     60 |      0 |   1 |  488.0 |
               +--------+--------+--------+--------+--------+-----+--------+

Top non-repeatable levels by time:
     D:1: 1627 daAuts
     D:2: 1404 daAuts
     D:3: 1366 daAuts
     D:8: 1317 daAuts
     D:9: 1207 daAuts
     D:5: 992 daAuts
     D:6: 729 daAuts
     D:7: 589 daAuts
     D:4: 520 daAuts
   Sewer: 488 daAuts
    D:10: 69 daAuts
